cohdb
Replays
Latest Replays
All Replays
Popular Replays
Top Player Replays
Match Explorer
How It Works
Community
CoH3 Stats
Reddit
Sign in to upload your games and track your stats! →
Sign in with Steam
Match 47056706
Unlisted
Match 47056706
Overview
Messages
Build Orders
End
Pioneer Squad
Construct Infanterie Kompanie
MG 42 Machine Gun Team
MG 42 Machine Gun Team
Grenadier Squad
Construct Luftwaffe Kompanie
Jäger Squad
Medical Station
221 Scout Car
221 Scout Car
Selects Mechanized Battlegroup
Selects Mobile Repair Stations
Jäger Squad
Selects Wespe Self-propelled Artillery
Wespe Self-propelled Artillery
MG 42 Machine Gun Team
Flak 30 Anti-aircraft Gun Team
Boneless
ValiantHawk
Angrybirds
Clara
0
0
Comments
sign in to comment!
No comments posted yet!